 Dungeon Crawl Stone Soup version 0.31-a0-977-gc230f8ef24 (webtiles) character file.

Game seed: 4343533484734176500

30 Danienth the Stinger (level 3, 0/27 HPs)
             Began as a Djinni Air Elementalist on Oct 29, 2023.
             Was an Initiate of Yredelemnul.
             Slain by Natasha (2 damage)
             ... on level 2 of the Dungeon.
             The game lasted 00:05:01 (1375 turns).

Danienth the Stinger (Djinni Air Elementalist)      Turns: 1375, Time: 00:05:03

Health: 0/27       AC:  2    Str:  7    XL:     3   Next: 37%
Gold:   78         EV: 12    Int: 18    God:    Yredelemnul [......] SH:  0 Dex: 13

rFire   + + .        h - +3 dagger
rCold   x . .        (no shield)
rNeg    . . .        a - +0 robe
rPois   ∞            (no helmet)
rElec   .            (no cloak)
rCorr   .            (no gloves)
SInv    .            (boots unavailable)
Will    .....        (no amulet)
Stlth   ++           (no ring)
HPRegen 0.24/turn    (no ring)
MPRegen 0.00/turn

%: infuse magic (-1 HP)
@: flying
A: sickness immunity, fire resistance 2, cold vulnerability 1, float, innate
caster, HP casting, extra vitality 1
a: Renounce Religion, Recall Undead Harvest


You were on level 2 of the Dungeon.
You worshipped Yredelemnul.
Yredelemnul was noncommittal.
You visited 1 branch of the dungeon, and saw 2 of its levels.

You collected 78 gold pieces.

Inventory:

Hand Weapons
 h - a +3 dagger (weapon)
Missiles
 i - 4 poisoned darts
Armour
 a - a +0 robe (worn)
Scrolls
 b - 2 scrolls of enchant weapon {unknown}
 c - a scroll of enchant armour {unknown}
 d - a scroll of fear {unknown}
 e - a scroll of teleportation {unknown}
 f - a scroll of acquirement {unknown}
Potions
 g - 2 potions of might {unknown}


   Skills:
 * Level 1.5 Fighting
 * Level 0.0 Short Blades
 + Level 2.8 Dodging
 + Level 2.1 Stealth
 - Level 3.0 Spellcasting
 - Level 3.0 Conjurations
 - Level 3.0 Hexes
 - Level 3.0 Summonings
 - Level 3.0 Necromancy
 - Level 3.0 Translocations
 - Level 3.0 Transmutations
 - Level 3.0 Fire Magic
 - Level 3.0 Ice Magic
 - Level 3.0 Air Magic
 - Level 3.0 Earth Magic
 - Level 3.0 Poison Magic


You knew the following spells:

 Your Spells              Type           Power      Damage    Failure   Level
a - Shock                 Conj/Air       52%        1d6       4%          1
b - Static Discharge      Conj/Air       26%        3-5/arc   7%          2
c - Swiftness             Air            13%        N/A       14%         3
d - Airstrike             Air            6%         2d(1-17)  43%         4
e - Sting                 Tmut/Pois      52%        1d5       4%          1
Your spell library was empty.

Dungeon Overview and Level Annotations

Branches:
Dungeon (2/15)

Altars:
Yredelemnul

Annotations:
D:2 Natasha


Innate Abilities, Weirdness & Mutations

You are immune to sickness and miasma.
You are immune to poison.
Your flesh is very heat resistant. (rF++)
You are vulnerable to cold. (rC-)
You float through the air rather than walking.
You learn spells naturally, not from books.
Your magical power is your life essence.
You have superior vitality. (+4 MHP)


Message History

Natasha is heavily wounded.
Natasha claws you!
* * * LOW HITPOINT WARNING * * *
Your goblin zombie barely misses Natasha.
You are too injured to fight recklessly!
You are too injured to fight recklessly!
Casting: Shock (safe; 4% risk of failure)
Confirm with . or Enter, or press ? or * to list all spells.
Aiming: Shock (safe; 4% risk of failure)
Press: ? - help, Shift-Dir - straight line, f - Natasha
Aim: Natasha (heavily wounded, ally target, 60% to hit)
The zap misses Natasha.
* * * LOW HITPOINT WARNING * * *
Your goblin zombie barely misses Natasha.
Natasha barely misses you.
Your goblin zombie completely misses Natasha.
Your goblin zombie misses Natasha.
Natasha attacks as she pursues you! Natasha claws you.
* * * LOW HITPOINT WARNING * * *
Natasha claws you.
* * * LOW HITPOINT WARNING * * *
Your goblin zombie closely misses Natasha.
Your goblin zombie hits Natasha.
There is an open door here.
Okay, then.
Hit: h) +3 dagger
Press: ? - help, Dir - move target, f/p - Natasha
Aim: Natasha (severely wounded, ally target, about 41% to evade your +3 dagger)
You hit Natasha.
Natasha is severely wounded.
Natasha closely misses you.
Hit: h) +3 dagger
Press: ? - help, Dir - move target, f/p - Natasha
Aim: Natasha (severely wounded, ally target, about 41% to evade your +3 dagger)
You hit Natasha but do no damage.
Natasha is severely wounded.
Natasha claws you.
You die...
Natasha curls up and begins to purr.
Your body rises from the dead as a mindless zombie.

#........ #.######.
#.#######+##
##...#.##8.8##
########.....##.....##
......).....##8.....8##
#######....##.........#
#....#8.........8#
##...@hZZ..!.....+
#...#8.........8#
#.####.........## ...#
##8.....8## #.#..
##.....## #.#.# ##8.8##
# .. #+##


You could see Natasha (ally target) and 2 friendly goblin zombies.

Vanquished Creatures
  A dart slug (D:1)
  An endoplasm (D:2)
  3 goblins
  3 hobgoblins (D:1)
  A kobold (D:1)
  3 quokkas (D:1)
  3 ball pythons (D:1)
  4 bats (D:1)
  2 frilled lizards
  2 rats (D:1)
23 creatures vanquished.

Vanquished Creatures (collateral kills)
  An endoplasm (D:1)
  A bat (D:1)
  A kobold (D:1)
3 creatures vanquished.

Grand Total: 26 creatures vanquished

Notes
Turn   | Place    | Note
-------+----------+-------------------------------------------
     0 | D:1      | Danienth the Djinni Air Elementalist began the quest for
                  | the Orb.
     0 | D:1      | Danienth set off with the following spells memorised:
                  | Shock, Static Discharge, Swiftness, Airstrike.
     0 | D:1      | Reached XP level 1. HP: 15/15 MP: 0/0
   400 | D:1      | Reached XP level 2. HP: 21/21 MP: 0/0
   597 | D:1      | Found a faded altar of an unknown god.
   606 | D:1      | Prayed at the altar of an unknown god.
   606 | D:1      | Became a worshipper of Yredelemnul the Dark
   606 | D:1      | Reached * piety under Yredelemnul
   644 | D:1      | Reached skill level 1 in Fighting
   712 | D:1      | Reached XP level 3. HP: 25/27 MP: 0/0
   712 | D:1      | Learned a level 1 spell: Sting
   868 | D:1      | Reached ** piety under Yredelemnul
  1358 | D:2      | Noticed Natasha
  1371 | D:2      | HP: 1/27 [Natasha (2)]
  1375 | D:2      | Slain by Natasha

Illustrated notes

Levels and vault maps discovered:
D:1:      elethiomel_arrival_maze, layout_loops_corners,
          ebering_ecumenical_altar_hall, minmay_tetromino_s4
D:2:      layout_rooms, dk_noncrumbling_4, st_stairs_12, uniq_natasha,
          uniq_sigmund

Skill      XL: |  1  2 |
---------------+-------+-----
Spellcasting   | |  3.0
Conjurations   | |  3.0
Hexes          | |  3.0
Summonings     | |  3.0
Necromancy     | |  3.0
Translocations | |  3.0
Transmutations | |  3.0
Fire Magic     | |  3.0
Ice Magic      | |  3.0
Air Magic      | |  3.0
Earth Magic    | |  3.0
Poison Magic   | |  3.0
Stealth        | 2 |  2.1
Fighting       | 1 |  1.5
Dodging        | |  2.8

Action                     || total
---------------------------++-------
  Melee: Unarmed           ||     1
         Dagger            ||    14
   Cast: Shock             ||    34
 Armour: Robe              ||    16
  Dodge: Dodged            ||    16

Table legend: (Time is in decaauts)
 A = Elapsed time spent in this place.
 B = Non-inter-level travel time spent in this place.
 C = Inter-level travel time spent in this place.
 D = Time resting spent in this place.
 E = Time spent auto-exploring this place.
 F = Levels seen in this place.
 G = Mean time per level.
                   A        B        C        D        E       F      G
               +--------+--------+--------+--------+--------+-----+--------+
         Total |   1374 |   1347 |     27 |    210 |   1018 |   2 |  687.0 |
       Dungeon |   1374 |   1347 |     27 |    210 |   1018 |   2 |  687.0 |
               +--------+--------+--------+--------+--------+-----+--------+

Top non-repeatable levels by time:
     D:1: 1216 daAuts
     D:2: 158 daAuts
